 Dungeon Crawl Stone Soup version 0.28.0-43-g3370ac3207 (webtiles) character file.

Game seed: 224912185501037115

476 Peloso the Slasher (level 6, 56/56 HPs)
             Began as a Minotaur Fighter on Mar 27, 2022.
             Got out of the dungeon alive.
             The game lasted 00:04:40 (3956 turns).

Peloso the Slasher (Minotaur Fighter)               Turns: 3956, Time: 00:04:41

Health: 56/56      AC:  9    Str: 19 (21) XL:     6   Next: 85%
Magic:  5/5        EV:  7    Int:  3 (5)  God:
Gold:   138        SH:  4    Dex:  8 (11) Spells: 5/5 levels left

rFire   . . .      SeeInvis .   a - +0 long sword
rCold   . . .      Faith    .   c - +0 buckler
rNeg    . . .      Spirit   .   j - +0 chain mail
rPois   .          Reflect  .   (helmet restricted)
rElec   .          Harm     .   (no cloak)
rCorr   .          Rampage  .   (no gloves)
Will    .....                   (no boots)
Stlth   ..........              (no amulet)
HPRegen 0.18/turn               (no ring)
MPRegen 0.09/turn               (no ring)

@: no status effects
A: horns 2, retaliatory headbutt
a: no special abilities


You escaped.
You visited 1 branch of the dungeon, and saw 4 of its levels.

You collected 138 gold pieces.

Inventory:

Hand Weapons
 a - a +0 long sword (weapon)
Armour
 b - a +0 scale mail
 c - a +0 buckler (worn)
 j - a +0 chain mail (worn)
Jewellery
 l - a ring of wizardry
Wands
 i - a wand of flame (8)
Scrolls
 f - a scroll of noise {unknown}
 h - a scroll of identify {unknown}
 m - a scroll of amnesia {unknown}
 n - a scroll of blinking {unknown}
Potions
 d - 2 potions of might
 g - a potion of curing


   Skills:
 + Level 5.1 Fighting
 + Level 6.1 Long Blades
 + Level 5.2 Armour
 + Level 1.7 Dodging
 + Level 0.2 Stealth
 + Level 4.6 Shields


You had 5 spell levels left.
You didn't know any spells.
Your spell library was empty.

Dungeon Overview and Level Annotations

Branches:
Dungeon (4/15)             Temple (0/1) D:4

Altars:

Shops:
D:1 :   D:3 (


Innate Abilities, Weirdness & Mutations

You have a pair of horns on your head.
You reflexively headbutt those who attack you in melee.


Message History

a +0 hand axe; an orc corpse
Things that are here:
a +0 hand axe; an orc corpse Key pressed, stopping explore.
You see here a +0 whip.
You see here an iguana skeleton.
You see here an iguana skeleton.
Done exploring.
Done exploring.
Done exploring.
It was a potion of flight.
You feel very buoyant.
You fly up into the air.
It was a potion of degeneration.
There was something very wrong with that liquid.
You feel weakened.
You feel dopey.
You feel clumsy.
Unknown command.
(D) Dungeon (T) Temple
Where to? (Enter - D:12, ? - help)
What level of the Dungeon? (default 1, ? - help)
There is a stone staircase leading up here.
There is a stone staircase leading up here.
You fly upwards.
There is a stone staircase leading down here.
There is an open door here.
There is an open door here.
You see here a +0 club.
There is a stone staircase leading up here.
You fly upwards.
There is a stone staircase leading down here.
There is a stone staircase leading down here.
You are starting to lose your buoyancy.
You float gracefully downwards.
There is a stone staircase leading up here.
You climb upwards.
There is a stone staircase leading down here.
There is an open door here.
There is a staircase leading out of the dungeon here.
Are you sure you want to leave the Dungeon?
This will make you lose the game!
You have escaped!

#..# #........#
#.......###..
##..#####........#
#.......# ###
##.....##........#
###...###
)'.....##........# #...#
##.....##+#+####'#### #..(#
##.....#....#.......###...#
####'###....#.8.8.8.#.....#
# #..##....#.......#.#####
# ##.##....+.8.@.8.'.# #
#..#....#....(..### #
##.#....#.8.8.8.#
#......#.......# #####
##.....####'#### #...#
#.....####.###########.#.#
##..#..................#.#
#^.######........######.##
##.>..............# #...


There were no monsters in sight!

Vanquished Creatures
  An ogre (D:4)
  A scorpion (D:4)
  2 orc priests (D:4)
  2 iguanas (D:4)
  Ijyb (D:3)
  An orc wizard (D:4)
  A gnoll (D:1)
  5 adders
  An adder skeleton (D:4)
  A worm (D:2)
  5 dart slugs
  11 orcs
  7 endoplasms
  12 goblins
  4 hobgoblins
  6 jackals
  4 quokkas
  4 ball pythons
  4 bats (D:1)
  7 frilled lizards
  9 kobolds
  6 rats
95 creatures vanquished.

Notes
Turn   | Place    | Note
-------+----------+-------------------------------------------
     0 | D:1      | Peloso the Minotaur Fighter began the quest for the Orb.
     0 | D:1      | Reached XP level 1. HP: 19/19 MP: 0/0
   181 | D:1      | Reached XP level 2. HP: 27/27 MP: 1/1
   328 | D:1      | Found Qeut's Book Emporium.
   718 | D:1      | Reached XP level 3. HP: 32/33 MP: 2/2
  1334 | D:2      | Reached skill level 3 in Long Blades
  1382 | D:2      | Reached XP level 4. HP: 40/40 MP: 3/3
  1385 | D:2      | Found a faded altar of an unknown god.
  1987 | D:3      | Reached skill level 1 in Dodging
  2454 | D:3      | Noticed Ijyb
  2468 | D:3      | Killed Ijyb
  2469 | D:3      | Reached skill level 4 in Long Blades
  2469 | D:3      | Reached XP level 5. HP: 26/47 MP: 4/4
  2796 | D:3      | Found Varusm's Antique Weapon Boutique.
  3105 | D:4      | Reached skill level 5 in Long Blades
  3437 | D:4      | Reached XP level 6. HP: 51/55 MP: 5/5
  3482 | D:4      | Found a staircase to the Ecumenical Temple.
  3517 | D:4      | Reached skill level 5 in Armour
  3650 | D:4      | Reached skill level 5 in Fighting
  3664 | D:4      | Reached skill level 6 in Long Blades
  3956 | D:$      | Got out of the dungeon alive.

Illustrated notes

Levels and vault maps discovered:
D:1:      doesnt_arrival_eight_statues, layout_basic, serial_shops,
          nicolae_shop_statue_plus
D:2:      layout_loops_ring, chequers_ecumenical_altar_island, st_stairs_10,
          minmay_parallelograms
D:3:      layout_loops_corners, serial_shops, nicolae_shop_trees,
          nrook_campfire, uniq_ijyb
D:4:      layout_rooms, minmay_temple_entry_from_below_a, minmay_ogre_servants

Skill      XL: |  1  2  3  4  5  6 |
---------------+-------------------+-----
Armour         | 4 5 |  5.2
Fighting       | 4 5 |  5.1
Shields        | 4 |  4.6
Long Blades    | 3 4 5 6 |  6.1
Dodging        | 1 |  1.7
Stealth        | |  0.2

Action                   |  1- 3 |  4- 6 || total
-------------------------+-------+-------++-------
Melee: Long sword        |    96 |   136 ||   232
       Headbutt          |    14 |    21 ||    35
  Use: Scroll            |       |     2 ||     2
       Potion            |       |     4 ||     4
Armor: Scale mail        |    69 |    44 ||   113
       Chain mail        |       |     8 ||     8
Dodge: Dodged            |    63 |    53 ||   116
Block: Buckler           |    26 |    34 ||    60
